 Dungeon Crawl Stone Soup version 0.20.1-1-g8b1a95d (webtiles) character file.

7098 Irenicus the Severer (level 10, 0/85 HPs)
             Began as a Deep Dwarf Monk on Oct 27, 2017.
             Was a High Priest of Makhleb.
             Slain by a large abomination (30 damage)
             ... on level 1 of the Abyss.
             The game lasted 00:27:28 (6509 turns).

Irenicus the Severer (Deep Dwarf Monk)              Turns: 6509, Time: 00:27:29

Health: 0/85       AC:  8    Str: 19 (22) XL:     10   Next: 84%
Magic:  7/7        EV: 15    Int:  5 (8)  God:    Makhleb [*****.]
Gold:   538        SH:  0    Dex: 13 (16) Spells: 9/9 levels left

rFire    + . .     SeeInvis .   y - +3 war axe (freeze)
rCold    + . .     Gourm    .   (no shield)
rNeg     . . .     Faith    .   f - +0 leather armour
rPois    +         Spirit   .   (helmet restricted)
rElec    .         Reflect  .   q - +1 cloak {rPois}
rCorr    .         Harm     .   (no gloves)
MR       +....     Rnd*Tele +   i - +0 pair of boots
Stlth    ++........             (no amulet)
Regen    0.0/turn               m - +3 ring of strength
MPRegen  0.1/turn               K - +2 ring of protection

@: mighty, non-regenerating
A: damage resistance, heal wounds, antennae 1, talons 1, clumsy 1, cold
resistance 1, deterioration 2, [dopey 2], fire resistance 1, sense surroundings
3, [screaming 2], [teleportitis 2], [no potion heal 2], MP-powered wands, no
regeneration
a: Heal Wounds, Minor Destruction, Lesser Servant of Makhleb, Major Destruction,
Greater Servant of Makhleb, Renounce Religion


You were on level 1 of the Abyss.
You worshipped Makhleb.
Makhleb was extremely pleased with you.
You were not hungry.

You visited 2 branches of the dungeon, and saw 10 of its levels.
You visited the Abyss 1 time.

You collected 538 gold pieces.

Inventory:

Hand Weapons
 a - a +0 hand axe
 y - a +3 war axe of freezing (weapon)
 L - a +0 war axe
Armour
 b - a +0 robe
 f - a +0 leather armour (worn)
 i - a +0 pair of boots (worn)
 q - a +1 cloak of poison resistance (worn)
 u - a +0 helmet
Magical Staves
 d - an uncursed staff of poison
Jewellery
 j - an uncursed ring of wizardry
 m - a +3 ring of strength (left hand)
 n - an uncursed ring of stealth
 z - an uncursed ring of positive energy
 K - a +2 ring of protection (right hand)
 Q - an uncursed ring of magical power
Wands
 s - a wand of polymorph (3/24)
 J - a wand of random effects (12/48)
 N - a wand of flame (5/48)
Scrolls
 e - 5 scrolls of identify
 o - 7 scrolls of remove curse
 p - 5 scrolls of teleportation
 r - a scroll of blinking {unknown}
 t - 2 scrolls of random uselessness {unknown}
 x - a scroll of magic mapping {unknown}
 A - a scroll of recharging {unknown}
 D - a scroll of fear {unknown}
 I - a scroll of amnesia {unknown}
 M - a scroll of fog {unknown}
 O - a scroll of enchant armour {unknown}
 P - a scroll of brand weapon {unknown}
Potions
 g - 2 potions of might
 k - 2 potions of flight
 v - 2 potions of lignification
 w - a potion of agility
 B - a potion of berserk rage
 C - 3 potions of curing
 F - 2 potions of magic
 G - a potion of brilliance
 H - a potion of mutation
Books
 R - a book of Necromancy

   Spells                             Type                      Level
   a - Pain                           Necromancy                   1
   b - Animate Skeleton               Necromancy                   1
   c - Vampiric Draining              Necromancy                   3
   d - Regeneration                   Charms/Necromancy            3
   e - Animate Dead                   Necromancy                   4
   f - Control Undead                 Necromancy                   4
Comestibles
 c - 12 bread rations
 h - 5 fruits
 l - 6 meat rations


   Skills:
 - Level 4.0 Fighting
 - Level 16.0 Axes
 + Level 7.2 Dodging
 - Level 2.4 Stealth


You had 9 spell levels left.
You didn't know any spells.

Dungeon Overview and Level Annotations

Branches:
Dungeon (9/15)             Temple (1/1) D:4
   Lair: D:8-11         Orc: D:9-12

Altars:
Ashenzari
Cheibriados
Dithmenos
Elyvilon
Fedhas
Gozag
Hepliaklqana
Kikubaaqudgha
Makhleb
Nemelex Xobeh
Okawaru
Qazlal
Ru
Sif Muna
Trog
Uskayaw
Vehumet
Xom
Yredelemnul
Zin
The Shining One

Shops:
D:5 (

Annotations:
D:3 exclusion: door
D:9 Erolcha


Innate Abilities, Weirdness & Mutations

You are resistant to damage.
You can heal yourself by infusing magical energy.
You passively map a large area around you.
You do not regenerate.
You have a pair of small antennae on your head.
You have sharp toenails.
You are clumsy. (Dex -2)
Your flesh is cold resistant. (rC+)
Your body often deteriorates upon taking damage.
Your flesh is heat resistant. (rF+)
You expend magic power (3 MP) to strengthen your wands.
[You are very dopey. (Int -4)]
[You sometimes yell uncontrollably at your foes.]
[You are sometimes teleported next to monsters.]
[Potions are poor at restoring your health.]


Message History

The large abomination barely misses you.
You completely miss the large abomination.
You slash the large abomination! You freeze the large abomination.
The large abomination is moderately damaged.
The large abomination hits you!!
Your body deteriorates!
You feel weakened.
You hit the large abomination but do no damage.
The large abomination is moderately damaged.
The large abomination hits you but does no damage.
You hit the large abomination but do no damage.
The large abomination is moderately damaged.
You feel very mighty all of a sudden. The large abomination misses you.
You barely miss the large abomination.
The large abomination is moderately damaged.
The large abomination hits you.
You slash the large abomination! You freeze the large abomination.
The large abomination is severely damaged.
The large abomination hits you!!
You die...

##.#.#..
...#.# # # ##
..###. ..# ..
#....#..#.#..
#..##....## .
# #...#.#.#.
#...##...#.#
#......#..#
#.#
#......### #.
...###.#.@.#
..#. ##.#X.#
...#
....#...# ...
#...##..## ..
#.... ##
.##.. .. ..#
#. #!


You could see a large abomination.

Vanquished Creatures
  A two-headed ogre (D:8)
  The ghost of doMalho the Archer, a novice MiHu (D:8)
  Pikel (D:6)
  An elephant (D:8)
  A troll (D:9)
  The ghost of Frank the Ducker, an amateur OpFi (D:4)
  2 hippogriffs
  Sigmund (D:6)
  A spriggan (D:7)
  A wyvern (D:8)
  A hungry ghost (D:7)
  A water moccasin (D:7)
  3 orc warriors
  3 sky beasts
  An ice beast (D:8)
  2 black bears (D:8)
  A phantom (D:9)
  3 ogres
  4 centaurs
  3 big kobolds (D:5)
  3 bullfrogs
  A gnoll sergeant (D:7)
  2 scorpions
  3 killer bees (D:8)
  2 howler monkeys (D:4)
  4 wights (D:8)
  4 crimson imps
  2 bullfrog zombies (D:6)
  Crazy Yiuf (D:2)
  4 hounds
  3 jellies
  A bullfrog skeleton (D:8)
  5 orc priests
  5 orc wizards
  A centaur skeleton (D:8)
  Jessica (D:3)
  3 iguanas
  Terence (D:2)
  4 worker ants
  A hound skeleton (D:6)
  Robin (D:3)
  8 gnolls
  11 adders
  2 shadow imps
  An ooze (D:2)
  2 adder skeletons
  An adder zombie (D:8)
  5 dart slugs
  2 leopard geckos (D:3)
  34 orcs
  7 bats
  7 giant cockroaches
  14 goblins
  14 hobgoblins
  3 jackals (D:5)
  4 quokkas
  3 frilled lizards
  41 kobolds
  9 rats
253 creatures vanquished.

Vanquished Creatures (others)
  A slave (D:6)
  A jelly (D:6)
  A quokka (D:6)
3 creatures vanquished.

Grand Total: 256 creatures vanquished

Notes
Turn   | Place    | Note
-------+----------+-------------------------------------------
     0 | D:1      | Irenicus the Deep Dwarf Monk began the quest for the Orb.
     0 | D:1      | Reached XP level 1. HP: 20/20 MP: 1/1
   247 | D:1      | Reached XP level 2. HP: 27/27 MP: 2/2
   354 | D:1      | Reached skill level 4 in Axes
  1148 | D:2      | Reached XP level 3. HP: 30/33 MP: 3/3
  1195 | D:2      | Noticed Terence
  1219 | D:2      | Gained mutation: You expend magic power (3 MP) to strengthen your wands. [potion of mutation]
  1219 | D:2      | Gained mutation: You are resistant to hostile enchantments. (MR+) [potion of mutation]
  1222 | D:2      | Killed Terence
  1222 | D:2      | Reached skill level 5 in Axes
  1306 | D:2      | Reached XP level 4. HP: 34/40 MP: 4/4
  1496 | D:2      | Found a runed door.
  1500 | D:2      | Noticed Crazy Yiuf
  1527 | D:2      | Killed Crazy Yiuf
  1527 | D:2      | Reached skill level 6 in Axes
  1650 | D:3      | Noticed Robin
  1730 | D:3      | Reached XP level 5. HP: 23/46 MP: 5/5
  1751 | D:3      | Noticed Jessica
  1858 | D:3      | Killed Jessica
  2093 | D:3      | Reached skill level 7 in Axes
  2253 | D:3      | Killed Robin
  2408 | D:4      | Found a staircase to the Ecumenical Temple.
  2419 | Temple   | Entered the Ecumenical Temple
  2507 | Temple   | Became a worshipper of Makhleb the Destroyer
  2507 | Temple   | Reached * piety under Makhleb
  2507 | Temple   | Reached ** piety under Makhleb
  2581 | D:4      | Reached XP level 6. HP: 22/55 MP: 6/6
  2802 | D:4      | Reached skill level 8 in Axes
  2817 | D:4      | Noticed Frank's ghost (amateur OpFi)
  2846 | D:4      | Killed Frank's ghost
  2846 | D:4      | Reached skill level 9 in Axes
  2846 | D:4      | Reached XP level 7. HP: 38/61 MP: 6/6
  2917 | D:4      | Noticed a yak
  3126 | D:4      | Reached skill level 10 in Axes
  3194 | D:5      | Entered Level 5 of the Dungeon
  3231 | D:5      | Found Keatik's Weapon Boutique.
  3317 | D:4      | HP: 3/61 [worker ant (1)]
  3351 | D:5      | Reached XP level 8. HP: 32/68 MP: 6/6
  3460 | D:5      | Reached skill level 11 in Axes
  3468 | D:5      | Reached *** piety under Makhleb
  3886 | D:5      | Reached skill level 12 in Axes
  4336 | D:6      | Reached **** piety under Makhleb
  4605 | D:6      | Gained mutation: You passively map the area around you. [Deep Dwarf growth]
  4605 | D:6      | Reached XP level 9. HP: 53/78 MP: 7/7
  4615 | D:6      | Noticed Sigmund
  4625 | D:6      | Killed Sigmund
  4716 | D:6      | Noticed Pikel
  4735 | D:6      | Killed Pikel
  4735 | D:6      | Reached skill level 13 in Axes
  5170 | D:7      | Reached skill level 14 in Axes
  5789 | D:8      | Noticed a two-headed ogre
  5790 | D:8      | Noticed doMalho's ghost (novice MiHu)
  5828 | D:8      | Reached XP level 10. HP: 80/85 MP: 8/8
  5894 | D:8      | Reached skill level 15 in Axes
  5897 | D:8      | Gained mutation: You have a pair of small antennae on your head. [mutagenic meat]
  5898 | D:8      | Gained mutation: You are clumsy. (Dex -2) [mutagenic meat]
  5899 | D:8      | Gained mutation: Your flesh is heat resistant. (rF+) [mutagenic meat]
  5900 | D:8      | Gained mutation: Your body sometimes deteriorates upon taking damage. [mutagenic meat]
  5956 | D:8      | Noticed a two-headed ogre
  5966 | D:8      | Killed a two-headed ogre
  5972 | D:8      | Noticed an elephant
  5972 | D:8      | a two-headed ogre changed into an elephant
  5984 | D:8      | Killed an elephant
  6042 | D:8      | Reached ***** piety under Makhleb
  6044 | D:8      | Reached skill level 16 in Axes
  6080 | D:8      | Killed doMalho's ghost
  6080 | D:8      | Reached skill level 5 in Dodging
  6087 | D:8      | Gained mutation: You passively map a large area around you. [mutagenic meat]
  6088 | D:8      | Gained mutation: You have sharp toenails. [mutagenic meat]
  6090 | D:8      | Gained mutation: Your flesh is cold resistant. (rC+) [mutagenic meat]
  6091 | D:8      | Lost mutation: You are resistant to hostile enchantments. (MR+) [mutagenic meat]
  6092 | D:8      | Gained mutation: Your body often deteriorates upon taking damage. [mutagenic meat]
  6407 | D:9      | Noticed Erolcha
  6418 | D:9      | Cast into level 1 of the Abyss (Erolcha)
  6455 | Abyss:1  | Noticed a wretched star
  6469 | Abyss:1  | HP: 3/85 [wretched star/orb of energy (32)]
  6478 | Abyss:1  | Found a corrupted altar of Lugonu.
  6509 | Abyss:1  | Slain by a large abomination

Skill      XL: |  1  2  3  4  5  6  7  8  9 10 |
---------------+-------------------------------+-----
Axes           | 4 5 6 7 9 10 12 14 16 | 16.0
Fighting       | 4 |  4.0
Dodging        | 7 |  7.2
Stealth        | |  2.4

Action                   |  1- 3 |  4- 6 |  7- 9 | 10-12 || total
-------------------------+-------+-------+-------+-------++-------
Melee: Hand axe          |    95 |   238 |       |       ||   333
       War axe           |       |    30 |   406 |   149 ||   585
Throw: Throwing net      |       |     2 |       |     1 ||     3
Invok: Minor Destruction |       |     2 |       |       ||     2
 Abil: Heal Wounds       |       |     4 |     2 |     4 ||    10
Evoke: Wand              |       |     3 |     2 |     4 ||     9
  Use: Potion            |     5 |     2 |     1 |     2 ||    10
       Scroll            |       |     4 |     5 |     2 ||    11
 Stab: Sleeping          |     9 |     7 |     5 |       ||    21
       Invisible         |       |     2 |       |       ||     2
       Distracted        |       |     1 |     1 |       ||     2
  Eat: Chunk             |     1 |     6 |    10 |    13 ||    30
       Fruit             |       |       |     7 |       ||     7
Armor: Robe              |    12 |     5 |       |       ||    17
       Leather armour    |       |    53 |    88 |    33 ||   174
       Skin              |       |       |    26 |       ||    26
Dodge: Dodged            |    68 |   155 |   228 |    76 ||   527
